 Dungeon Crawl Stone Soup version 0.29.1-2-gbd0b4ee654 (webtiles) character file.

Game seed: 6427430160519666319

5328 Icepheonix32 the Martial Artist (level 10, 0/63 HPs)
             Began as an Octopode Transmuter on Nov 17, 2022.
             Was an Initiate of Gozag.
             Slain by lotum's ghost (2 damage)
             ... on level 8 of the Dungeon.
             The game lasted 00:16:23 (10707 turns).

Icepheonix32 the Martial Artist (OpTm)             Turns: 10707, Time: 00:16:24

Health: 0/63       AC:  2    Str: 18    XL:     10   Next: 64%
Magic:  0/17       EV: 23    Int: 18    God:    Gozag
Gold:   787        SH:  0    Dex: 17    Spells: 8/18 levels left

rFire   . . .      SeeInvis .     - Unarmed
rCold   + . .      Faith    .   (shield currently unavailable)
rNeg    + . .      Spirit   +   (helmet currently unavailable)
rPois   x          Reflect  .   j - amulet of guardian spirit
rElec   .          Harm     .   d - +4 ring of slaying
rCorr   .          Rampage  .   f - +6 ring of strength
Will    .....                   k - ring of positive energy
Stlth   ++++......              z - ring of protection from cold
HPRegen 0.20/turn               (no ring)
MPRegen 0.15/turn               (no ring)
                                (no ring)
                                (no ring)

@: spider-form, gold aura
A: venomous fangs, almost no armour, (amphibious), 8 rings, tiny, (camouflage
1), (gelatinous body 1), (nimble swimmer 1), (tentacles)
a: End Transformation, Renounce Religion, Potion Petition, Call Merchant, Bribe
Branch


You were on level 8 of the Dungeon.
You worshipped Gozag.
Gozag was pleased with you.
You were a venomous arachnid creature.
You visited 1 branch of the dungeon, and saw 8 of its levels.
You also visited: Ossuary.

You collected 893 gold pieces.
You paid 106 gold pieces to Gozag.

Inventory:

Hand Weapons
 J - the +9 staff of Olgreb (melded) {rPois∞}
   (You found it on level 6 of the Dungeon)

   If the wielder is skilled in Evocations, they can envenom those struck by it,
   dealing poison damage which bypasses armour.
   It enhances your poison magic.
   It grants immunity to poison.
   It can be activated via the 'a'bility menu to radiate toxic energy, with
   effectiveness depending on Evocations skill.
Missiles
 i - 5 javelins
 l - 8 boomerangs
 p - 3 poisoned darts
Magical Staves
 x - a staff of death
Jewellery
 d - a +4 ring of slaying (left front leg)
 f - a +6 ring of strength (right front leg)
 j - an amulet of guardian spirit (around neck)
 k - a ring of positive energy (on tentacle)
 z - a ring of protection from cold (on tentacle)
Wands
 h - a wand of polymorph (8)
 E - a wand of quicksilver (10)
 H - a wand of digging (8)
 I - a wand of charming (5)
Scrolls
 g - 4 scrolls of teleportation
 n - 3 scrolls of enchant weapon
 q - 2 scrolls of butterflies
 s - a scroll of amnesia
 t - a scroll of silence {unknown}
 u - 2 scrolls of immolation
 v - 2 scrolls of fear {unknown}
 y - 4 scrolls of summoning
 A - 7 scrolls of identify
 C - a scroll of enchant armour
Potions
 a - a potion of attraction {unknown}
 b - 3 potions of flight {unknown}
 c - 3 potions of heal wounds
 e - 7 potions of curing {unknown}
 m - 3 potions of ambrosia
 o - a potion of brilliance
 r - 2 potions of magic
 w - 2 potions of cancellation {unknown}
 B - 2 potions of degeneration {unknown}
 D - 3 potions of berserk rage {unknown}
 F - a potion of might {unknown}
 G - a potion of haste {unknown}


   Skills:
 + Level 3.3 Fighting
 + Level 0.2 Throwing
 * Level 6.6 Dodging
 + Level 6.8 Stealth
 + Level 8.5 Unarmed Combat
 + Level 4.8 Spellcasting
 * Level 6.6 Transmutations
 - Level 4.1 Ice Magic
 + Level 5.0 Poison Magic
 + Level 0.2 Evocations


You had 8 spell levels left.
You knew the following spells:

 Your Spells              Type           Power      Damage    Failure   Level
a - Beastly Appendage     Tmut           56%        N/A       4%          1
b - Spider Form           Tmut/Pois      25%        N/A       12%         3
c - Wereblood             Tmut           28%        N/A       6%          2
d - Ice Form              Ice/Tmut       23%        N/A       32%         4

Your spell library contained the following spells:

 Spells                   Type           Power      Damage    Failure   Level
 Passwall                 Tmut/Erth      13%        N/A       16%         2
 Ensorcelled Hibernation  Hex/Ice        22%        N/A       22%         2
 Apportation              Tloc           8%         N/A       32%         1
 Necrotise                Necr           16%        1d4       32%         1
 Summon Small Mammal      Summ           16%        N/A       32%         1
 Swiftness                Air            4%         N/A       61%         3


Dungeon Overview and Level Annotations

Branches:
Dungeon (8/15)             Temple (0/1) D:7         Ossuary (visited)
   Lair: D:8-11

Altars:
Ashenzari
Cheibriados
Fedhas
Gozag
Nemelex Xobeh
Ru
Xom
Zin

Portals:
Abyss: D:8

Annotations:
D:6 1 runed translucent door
D:8 3 transporters, lotum's ghost, novice DsAK


Innate Abilities, Weirdness & Mutations

You are a venomous arachnid creature.
You have poisonous fangs.
You are tiny and dextrous.
Your spellcasting is less reliable in this form.
Your armour is entirely melded.
You are incapable of wielding weapons or throwing items.
You cannot wear most types of armour.
((You are amphibious.))
You can wear up to eight rings at the same time.
((Your skin changes colour to match your surroundings (Stealth+).))
((Your rubbery body absorbs attacks. (AC +1, EV +1)))
((You are camouflaged when in or above water. (Stealth+)))
((You have tentacles for arms and can constrict up to eight enemies at once.))


Message History

Lotum's ghost closely misses you.
You hit lotum's ghost.
Lotum's ghost is heavily damaged.
Your primal bloodlust is almost over.
Lotum's ghost hits you!
You hit lotum's ghost.
Lotum's ghost is heavily damaged.
Lotum's ghost misses you.
You bite lotum's ghost!
Lotum's ghost is severely damaged.
You hit lotum's ghost but do no damage.
Lotum's ghost is severely damaged.
Lotum's ghost hits you!
You are too injured to fight recklessly!
You are too injured to fight recklessly!
You are too injured to fight recklessly!
Unknown command.
You bite lotum's ghost!
Lotum's ghost is almost destroyed.
Lotum's ghost closely misses you.
You hit lotum's ghost but do no damage.
Lotum's ghost is almost destroyed.
Lotum's ghost misses you.
You bite lotum's ghost!
Lotum's ghost is almost destroyed.
Lotum's ghost hits you!
You hit lotum's ghost but do no damage.
Lotum's ghost is almost destroyed.
Lotum's ghost hits you!
* * * LOW HITPOINT WARNING * * *
x2 You hit lotum's ghost.
Lotum's ghost is almost destroyed.
Your primal bloodlust has ended.
Unknown command.
You hit lotum's ghost.
Lotum's ghost is almost destroyed.
Lotum's ghost hits you!
* * * LOW HITPOINT WARNING * * *
You die...
Your body crumbles into a pile of gold.

#####.........................
#......................>..
#.....####.......###......
#.....#..###...###[##.....
#.....###..##..# .^.#.....
#......#..#.#####.:##.....
###...##.^#..)....##...##+
#########..##.#(W9..^#.##.....#.
#..........#©.#s#...##.#.......<
#..........##$.#.###.#.###...##.
#...........###.##.### ##..#..
#...........##..#....## #.#..#.#
#..........##...###...# ..#....<
#..........#∩.^..###..# .##..###
#..........##.....©#©.# .#...#
#...........####.###..##$#...###
#..............####....###......


You could see a toenail golem and lotum's ghost.

Vanquished Creatures
  A wraith (Ossuary)
  4 yaks (D:7)
  2 steam dragons (D:8)
  2 redbacks (D:6)
  2 water moccasins (D:6)
  An orc warrior (D:6)
  2 sky beasts (D:7)
  4 black bears
  A small abomination (D:8)
  An ogre (D:6)
  A centaur (D:5)
  2 phantoms
  A kobold brigand (D:7)
  4 bullfrogs
  A necrophage (D:8)
  2 gnoll sergeants (D:8)
  9 scorpions
  3 wights (D:8)
  17 killer bees
  5 hounds
  3 jellies
  An orc priest (D:6)
  Crazy Yiuf (D:5)
  A gnoll bouda (D:8)
  2 iguanas
  3 orc wizards
  Natasha (thrice) (D:2)
  4 mummies
  11 adders
  6 gnolls (D:8)
  A shadow imp (D:5)
  A white imp (D:6)
  An ufetubus (D:5)
  7 worms
  21 orcs
  7 ball pythons
  5 endoplasms
  3 giant cockroaches
  A gnoll zombie (Ossuary)
  9 goblins
  8 hobgoblins
  4 jackals (D:3)
  8 quokkas
  7 bats
  3 frilled lizards
  5 goblin zombies (Ossuary)
  A hobgoblin zombie (Ossuary)
  16 kobolds
  4 kobold zombies (Ossuary)
  2 rats (D:3)
214 creatures vanquished.

Notes
Turn   | Place    | Note
-------+----------+-------------------------------------------
     0 | D:1      | Icepheonix32 the Octopode Transmuter began the quest for
                  | the Orb.
     0 | D:1      | Reached XP level 1. HP: 13/13 MP: 3/3
   216 | D:1      | Reached XP level 2. HP: 7/18 MP: 3/5
  1296 | D:2      | Reached XP level 3. HP: 23/23 MP: 4/6
  1438 | D:2      | Noticed Natasha
  1445 | D:2      | Killed Natasha
  1446 | D:2      | Reached skill level 1 in Stealth
  1446 | D:2      | Reached XP level 4. HP: 28/28 MP: 5/7
  1662 | D:2      | Noticed Natasha
  1669 | D:2      | Killed Natasha
  1686 | D:2      | Noticed Natasha
  1692 | D:2      | Killed Natasha
  1693 | D:2      | Reached skill level 4 in Unarmed Combat
  1693 | D:2      | Reached XP level 5. HP: 26/33 MP: 7/9
  2848 | D:3      | Found a blossoming altar of Fedhas.
  2948 | D:3      | Noticed a phantom
  2956 | D:3      | Killed a phantom
  2957 | D:3      | Reached XP level 6. HP: 26/38 MP: 6/10
  3274 | D:3      | Learned a level 3 spell: Spider Form
  3277 | D:3      | Learned a level 2 spell: Wereblood
  3282 | D:3      | Learned a level 4 spell: Ice Form
  3454 | D:3      | Found a faded altar of an unknown god.
  3730 | D:4      | Noticed a black bear
  3741 | D:4      | Killed a black bear
  3742 | D:4      | Reached skill level 1 in Poison Magic
  3927 | D:4      | Reached XP level 7. HP: 34/43 MP: 7/11
  3950 | D:4      | Reached skill level 1 in Ice Magic
  4049 | D:4      | Reached skill level 5 in Unarmed Combat
  4380 | D:5      | Entered Level 5 of the Dungeon
  4506 | D:5      | Found a glowing silver altar of Zin.
  4683 | D:5      | Reached XP level 8. HP: 27/50 MP: 8/13
  5149 | D:5      | Found a runed translucent door.
  5205 | D:5      | Found a sacrificial altar of Ru.
  5481 | D:6      | Reached skill level 5 in Stealth
  5571 | D:6      | Found a sand-covered staircase.
  5587 | Ossuary  | Entered an ossuary
  5587 | Ossuary  | Noticed a wraith
  5587 | Ossuary  | Noticed a wraith
  5587 | Ossuary  | Noticed a wraith
  5869 | Ossuary  | Noticed a wraith
  5877 | Ossuary  | Killed a wraith
  5878 | Ossuary  | Reached skill level 6 in Unarmed Combat
  6305 | D:6      | Found a runed translucent gate.
  6307 | D:6      | Found a runed translucent gate.
  6307 | D:6      | Found a runed translucent door.
  6316 | D:6      | Found a runed translucent gate.
  6326 | D:6      | Found a runed translucent door.
  6338 | D:6      | Found the +9 staff of Olgreb {rPois∞}
  6342 | D:6      | Reached XP level 9. HP: 30/54 MP: 8/14
  6813 | D:6      | Found a snail-covered altar of Cheibriados.
  7147 | D:6      | Reached skill level 5 in Transmutations
  7270 | D:7      | Found an opulent altar of Gozag.
  7491 | D:7      | Became a worshipper of Gozag Ym Sagoz the Greedy
  7527 | D:7      | Found a staircase to the Ecumenical Temple.
  7559 | D:7      | Reached skill level 7 in Unarmed Combat
  7577 | D:7      | Reached skill level 5 in Dodging
  7978 | D:7      | Found a broken altar of Ashenzari.
  8227 | D:7      | Found a sparkling altar of Nemelex Xobeh.
  8563 | D:8      | Noticed a toenail golem
  8609 | D:8      | Found a transporter.
  8653 | D:8      | Noticed lotum's ghost (novice DsAK)
  8663 | D:8      | Reached XP level 10. HP: 14/61 MP: 1/16
  8671 | D:8      | Found a one-way gate to the infinite horrors of the Abyss.
  8920 | D:8      | Found a transporter.
  8949 | D:8      | Found a transporter.
  8951 | D:8      | Found a shimmering altar of Xom.
  8952 | D:8      | Noticed a two-headed ogre
  8955 | D:8      | Found a transporter.
  9216 | D:8      | Identified the +11 whip of Analysis {vorpal, Int+6}
 10077 | D:5      | Noticed Crazy Yiuf
 10182 | D:5      | Killed Crazy Yiuf
 10336 | D:6      | Reached skill level 8 in Unarmed Combat
 10396 | D:6      | Reached skill level 5 in Poison Magic
 10707 | D:8      | HP: 2/63 [lotum's ghost (11)]
 10707 | D:8      | Slain by lotum's ghost

Illustrated notes

Levels and vault maps discovered:
D:1:      minmay_arrival_stair_chambers, layout_loops_ring, serial_forest,
          infiniplex_forest_lined_room_2, infiniplex_forest_lined_ring,
          infiniplex_forest_straight_2, infiniplex_forest_straight_4,
          infiniplex_forest_zigzag_1, infiniplex_forest_diagonal,
          infiniplex_forest_lined_2
D:2:      layout_basic, uniq_natasha
D:3:      layout_rooms, lemuel_coloured_pillars_altar, serial_forest,
          infiniplex_forest_straight_2, infiniplex_forest_clump_small,
          infiniplex_forest_straight_3, infiniplex_forest_zigzag_2,
          shapermc_ecumenical_altar_petra, minmay_randomly_rotated_circles
D:4:      layout_basic, minmay_ruptured
D:5:      layout_basic, nicolae_ru_path_of_blood, mainiacjoe_overflow_catwalk,
          uniq_crazy_yiuf_cottage
D:6:      layout_basic, mainiacjoe_overflow_alcove_2, gup_ossuary_entry_pyramid,
          minmay_guarded_unrand_staff_of_olgreb
D:7:      layout_loops_ring, nicolae_ashenzari_panopticon,
          mainiacjoe_overflow_concentric_impassable,
          nemelex_diamond_rough_becter, minmay_temple_entry_crystal_x,
          moated_statue, minmay_diced_spiral
D:8:      layout_basic, gammafunk_temple_overflow_arena,
          gammafunk_ghost_abyssal_escape, eino_jars

Skill      XL: |  1  2  3  4  5  6  7  8  9 10 |
---------------+-------------------------------+-----
Stealth        | 1 2 3 4 5 6 |  6.8
Unarmed Combat | 4 5 6 7 8 |  8.5
Transmutations | 3 4 5 6 |  6.6
Spellcasting   | 3 4 |  4.8
Dodging        | 3 4 5 6 |  6.6
Poison Magic   | 1 2 3 4 5 |  5.0
Ice Magic      | 2 3 4 |  4.1
Fighting       | 2 3 |  3.3
Throwing       | |  0.2
Evocations     | |  0.2

Action                   |  1- 3 |  4- 6 |  7- 9 | 10-12 || total
-------------------------+-------+-------+-------+-------++-------
Melee: Unarmed           |    50 |    98 |   182 |   127 ||   457
       Constrict         |    16 |    27 |    44 |     2 ||    89
       Tentacles         |     7 |    12 |    30 |     2 ||    51
       Kick              |    12 |    18 |    38 |       ||    68
       Punch             |     3 |     5 |     5 |       ||    13
Throw: Dart              |       |       |     1 |       ||     1
       Javelin           |       |       |       |     4 ||     4
 Cast: Beastly Appendage |    20 |    26 |    25 |       ||    71
       Ice Form          |       |       |     2 |     6 ||     8
       Wereblood         |       |       |     8 |     4 ||    12
       Spider Form       |       |       |     3 |     7 ||    10
 Abil: End Transformatio |       |       |       |     1 ||     1
Evoke: Wand              |       |       |     3 |       ||     3
  Use: Scroll            |       |       |    18 |       ||    18
       Potion            |       |       |     3 |       ||     3
 Stab: Sleeping          |     5 |     7 |    11 |     2 ||    25
Armor: Skin              |     4 |     7 |    19 |    29 ||    59
Dodge: Dodged            |    25 |    51 |    97 |   102 ||   275
